[Event "elllobregat Open-A 2019"]
[Site "El Prat de Llobregat"]
[Date "2019.12.11"]
[Round "9.9"]
[White "Del Rio De Angelis, Salvador G."]
[Black "Raja Rithvik R"]
[Result "1/2-1/2"]
[ECO "E53"]
[WhiteElo "2507"]
[BlackElo "2381"]
[Annotator "ChessBase"]
[PlyCount "33"]
[EventDate "2019.12.03"]
[EventType "swiss"]
[EventCountry "ESP"]
[SourceTitle "playchess.com"]
[Source "ChessBase"]
[SourceQuality "1"]
[TimeControl "40/5400+30:1800+30"]

1. d4 Nf6 2. c4 e6 3. Nc3 Bb4 4. e3 O-O 5. Bd3 d5 6. Nf3 c5 7. O-O cxd4 8. exd4 dxc4 9. Bxc4 b6 10. Qe2 Bb7 11. Rd1 Nbd7 12. d5 exd5 13. Nxd5 Nxd5 14. Bxd5 Bxd5 15. Rxd5 Qc7 16. Bg5 Qc6 17. Rad1 1/2-1/2

[Event "elllobregat Open-A 2019"]
[Site "El Prat de Llobregat"]
[Date "2019.12.11"]
[Round "9.10"]
[White "Verstraeten, Rein"]
[Black "Arizmendi Martinez, Julen Luis"]
[Result "1/2-1/2"]
[ECO "A53"]
[WhiteElo "2365"]
[BlackElo "2511"]
[Annotator "ChessBase"]
[PlyCount "29"]
[EventDate "2019.12.03"]
[EventType "swiss"]
[EventCountry "ESP"]
[SourceTitle "playchess.com"]
[Source "ChessBase"]
[SourceQuality "1"]
[TimeControl "40/5400+30:1800+30"]

1. d4 Nf6 2. c4 d6 3. Nc3 g6 4. e4 Bg7 5. Bd3 O-O 6. Nge2 Nc6 7. O-O e5 8. d5 Nd4 9. Bg5 h6 10. Bd2 Nd7 11. Be3 c5 12. f3 f5 13. exf5 gxf5 14. Qd2 Qh4 15. Kh1 1/2-1/2

[Event "elllobregat Open-A 2019"]
[Site "El Prat de Llobregat"]
[Date "2019.12.11"]
[Round "9.11"]
[White "Kjartansson, Gudmundur"]
[Black "Harsha Bharathakoti"]
[Result "1-0"]
[ECO "A13"]
[WhiteElo "2448"]
[BlackElo "2523"]
[Annotator "ChessBase"]
[PlyCount "67"]
[EventDate "2019.12.03"]
[EventType "swiss"]
[EventCountry "ESP"]
[SourceTitle "playchess.com"]
[Source "ChessBase"]
[SourceQuality "1"]
[TimeControl "40/5400+30:1800+30"]

1. c4 e6 2. Nc3 d5 3. d4 Bb4 4. a3 Bxc3+ 5. bxc3 Nf6 6. cxd5 exd5 7. e3 O-O 8. Bd3 c5 9. Ne2 b6 10. O-O Ba6 11. f3 Bxd3 12. Qxd3 Re8 13. Ng3 Nc6 14. Bb2 Rc8 15. Rae1 Qd7 16. e4 dxe4 17. fxe4 Ne5 18. Qd1 Nc4 19. Bc1 cxd4 20. cxd4 Rcd8 21. Nf5 Kh8 22. Bg5 Re6 23. Nxg7 Kxg7 24. d5 Qe7 25. Qa1 Kg6 26. dxe6 Kxg5 27. exf7 Nd2 28. e5 Ng4 29. e6 Kg6 30. f8=Q Rxf8 31. Rxf8 Qc5+ 32. Kh1 Qxf8 33. e7 Qe8 34. Qd4 1-0

[Event "elllobregat Open-A 2019"]
[Site "El Prat de Llobregat"]
[Date "2019.12.11"]
[Round "9.13"]
[White "Movsziszian, Karen"]
[Black "Baenziger, Fabian"]
[Result "0-1"]
[ECO "A06"]
[WhiteElo "2476"]
[BlackElo "2398"]
[Annotator "ChessBase"]
[PlyCount "37"]
[EventDate "2019.12.03"]
[EventType "swiss"]
[EventCountry "ESP"]
[SourceTitle "playchess.com"]
[Source "ChessBase"]
[SourceQuality "1"]
[TimeControl "40/5400+30:1800+30"]

1. g3 d5 2. Nf3 g6 3. c4 dxc4 4. Na3 Bg7 5. Nxc4 Nc6 6. Bg2 e5 7. d3 e4 8. dxe4 Qxd1+ 9. Kxd1 Nf6 10. Ncd2 h6 11. a3 Be6 12. Rb1 Ba2 13. Ra1 Be6 14. Ne1 Ng4 15. Nd3 O-O-O 16. h3 Rxd3 17. hxg4 Rd7 18. e3 Rhd8 19. Kc2 0-1

[Event "elllobregat Open-A 2019"]
[Site "El Prat de Llobregat"]
[Date "2019.12.11"]
[Round "9.14"]
[White "Mendonca, Leon Luke"]
[Black "Karthik Venkataraman"]
[Result "1/2-1/2"]
[ECO "D90"]
[WhiteElo "2398"]
[BlackElo "2470"]
[Annotator "ChessBase"]
[PlyCount "82"]
[EventDate "2019.12.03"]
[EventType "swiss"]
[EventCountry "ESP"]
[SourceTitle "playchess.com"]
[Source "ChessBase"]
[SourceQuality "1"]
[TimeControl "40/5400+30:1800+30"]

1. d4 Nf6 2. c4 g6 3. Nc3 d5 4. Nf3 Bg7 5. cxd5 Nxd5 6. e3 O-O 7. Bc4 Nb6 8. Bb3 c5 9. O-O cxd4 10. exd4 Nc6 11. d5 Na5 12. Re1 Bg4 13. h3 Bxf3 14. Qxf3 Re8 15. Be3 Qd7 16. Rad1 Nac4 17. Bxb6 Nxb6 18. Ne4 Rac8 19. Ng5 Rf8 20. Qf4 h6 21. Ne4 a5 22. d6 e6 23. Nf6+ Bxf6 24. Qxf6 Rfe8 25. Qd4 Rc6 26. Rd3 Rec8 27. Kh2 Nd5 28. Bxd5 Qxd6+ 29. Qe5 exd5 30. Rxd5 Qxe5+ 31. Rdxe5 Rc2 32. R1e2 a4 33. Kg3 Rxe2 34. Rxe2 Rc4 35. Kf3 Kg7 36. Ke3 a3 37. b3 Rc1 38. Kd2 Rb1 39. Kc2 Rb2+ 40. Kd3 Rb1 41. Kc2 Rb2+ 1/2-1/2

[Event "elllobregat Open-A 2019"]
[Site "El Prat de Llobregat"]
[Date "2019.12.11"]
[Round "9.15"]
[White "Alsina Leal, Daniel"]
[Black "Krishna Teja, N."]
[Result "1/2-1/2"]
[ECO "C95"]
[WhiteElo "2462"]
[BlackElo "2383"]
[Annotator "ChessBase"]
[PlyCount "133"]
[EventDate "2019.12.03"]
[EventType "swiss"]
[EventCountry "ESP"]
[SourceTitle "playchess.com"]
[Source "ChessBase"]
[SourceQuality "1"]
[TimeControl "40/5400+30:1800+30"]

1. e4 e5 2. Nf3 Nc6 3. Bb5 a6 4. Ba4 Nf6 5. O-O Be7 6. Re1 b5 7. Bb3 d6 8. c3 O-O 9. h3 Nb8 10. d4 Nbd7 11. Nbd2 Bb7 12. Bc2 Re8 13. Nf1 Bf8 14. Ng3 g6 15. a4 Bg7 16. Bd3 exd4 17. cxd4 c5 18. axb5 axb5 19. Rxa8 Bxa8 20. dxc5 Nxc5 21. Bxb5 Rf8 22. e5 dxe5 23. Qxd8 Rxd8 24. Nxe5 Nd5 25. Bc4 Re8 26. Nd3 Rxe1+ 27. Nxe1 Nb6 28. Ba2 Bd5 29. Bxd5 Nxd5 30. Ne2 f5 31. g3 Kf7 32. Kg2 h5 33. f4 Bf6 34. Nf3 Nd3 35. b3 Nc3 36. Nfg1 Nc5 37. b4 Nd3 38. Bd2 Ne4 39. Nc1 Nxc1 40. Bxc1 Be7 41. b5 Bc5 42. Nf3 Nd6 43. Ne5+ Ke6 44. Nxg6 Nxb5 45. Ne5 Bd4 46. Nd3 Nd6 47. Bb2 Bb6 48. Kf3 Ne4 49. Bc1 Bd4 50. Nb4 Bc5 51. Nc2 Kf6 52. Be3 Bxe3 53. Nxe3 Nd2+ 54. Ke2 Ne4 55. Nf1 Ke6 56. Kf3 Kf6 57. Ke3 Ke6 58. g4 hxg4 59. hxg4 Kf6 60. Kd4 Nf2 61. g5+ Kg6 62. Ng3 Nh3 63. Ke5 Nxg5 64. Nxf5 Nh3 65. Nh4+ Kh5 66. Ng2 Nxf4 67. Nxf4+ 1/2-1/2

[Event "elllobregat Open-A 2019"]
[Site "El Prat de Llobregat"]
[Date "2019.12.11"]
[Round "9.17"]
[White "Kulkarni Bhakti"]
[Black "Jerez Perez, Alfonso"]
[Result "1/2-1/2"]
[ECO "A48"]
[WhiteElo "2418"]
[BlackElo "2369"]
[Annotator "NA"]
[PlyCount "70"]
[EventDate "2019.12.03"]
[EventType "swiss"]
[EventCountry "ESP"]
[SourceTitle "playchess.com"]
[Source "ChessBase"]
[SourceQuality "1"]
[TimeControl "40/5400+30:1800+30"]

1. d4 Nf6 2. Nf3 g6 3. Bg5 Bg7 4. Nbd2 O-O 5. c3 d6 6. e4 c5 7. dxc5 dxc5 8. Bc4 Nc6 9. O-O Qc7 10. Qe2 h6 11. Bh4 Nh5 12. Qe3 Na5 13. Bd3 Be6 14. e5 Rad8 15. Bc2 Nc6 16. Qxc5 b6 17. Qe3 Nxe5 18. Rfd1 Rfe8 19. Nxe5 Qxe5 20. Qxe5 Bxe5 21. Nf3 Bf6 22. Bxf6 Nxf6 23. Ne5 Rxd1+ 24. Rxd1 Rc8 25. a3 Kg7 26. Rd4 g5 27. f3 Rc5 28. Nd3 Rd5 29. Rxd5 Nxd5 30. Kf2 Kf6 31. c4 Nf4 32. b3 Nxd3+ 33. Bxd3 Ke5 34. Ke3 f5 35. Be2 Bf7 {[%emt 0:03:03] Ke4+} 1/2-1/2